 Dungeon Crawl Stone Soup version 0.22-a0-880-gb7b0c8b (webtiles) character file.

26371 Firecrotchwizard the Grappler (level 12, 0/120 HPs)
             Began as a Troll Fighter on July 30, 2018.
             Was an Elder of Makhleb.
             Slain by a 12-headed hydra (11 damage)
             ... on level 5 of the Lair of Beasts.
             The game lasted 00:27:51 (13147 turns).

Firecrotchwizard the Grappler (Troll Fighter)      Turns: 13147, Time: 00:27:51

Health: 0/120      AC: 11    Str: 28    XL:     12   Next: 97%
Magic:  14/14      EV: 10    Int:  7    God:    Makhleb [****..]
Gold:   913        SH: 14    Dex: 12    Spells: 11/11 levels left

rFire    . . .     SeeInvis .     - Unarmed
rCold    . . .     Gourm    +   b - +2 shield
rNeg     . . .     Faith    .   z - +2 robe {MR+}
rPois    .         Spirit   .   a - +0 hat
rElec    .         Reflect  .   w - +2 cloak
rCorr    .         Harm     .   (gloves unavailable)
MR       ++...                  (boots unavailable)
Stlth    +.........             (no amulet)
HPRegen  0.70/turn              m - ring of protection from magic {MR+, !d}
MPRegen  0.14/turn              x - +3 ring of dexterity

@: no status effects
A: large, unfitting armour, claws 3, fast metabolism 3, gourmand, regeneration
1, shaggy fur 1, tough skin 2
a: Minor Destruction, Lesser Servant of Makhleb, Major Destruction, Renounce
Religion


You were on level 5 of the Lair of Beasts.
You worshipped Makhleb.
Makhleb was greatly pleased with you.
You were completely stuffed.

You visited 2 branches of the dungeon, and saw 16 of its levels.
You also visited: Ossuary.

You collected 913 gold pieces.

Inventory:

Missiles
 H - a throwing net {=f, !d}
 I - 9 large rocks (quivered) {!d}
Armour
 a - a +0 hat (worn)
   (You took it off Gastronok on level 3 of the Lair of Beasts)
 b - a +2 shield (worn)
 w - a +2 cloak (worn)
   (You found it on level 5 of the Dungeon)
 z - a +2 robe of magic resistance (worn)
   (You took it off Josephine on level 10 of the Dungeon)
Jewellery
 m - a ring of protection from magic (left claw) {MR+, !d}
   (You found it on level 2 of the Dungeon)
 r - an uncursed ring of see invisible {sInv, !d}
   (You found it on level 3 of the Dungeon)
 x - a +3 ring of dexterity (right claw)
   (You found it on level 6 of the Dungeon)
 A - an uncursed ring of protection from cold {unknown}
   (You found it on level 3 of the Lair of Beasts)
Wands
 g - a wand of clouds (4)
   (You took it off Ijyb on level 3 of the Dungeon)
 u - a wand of acid (3)
   (You found it on level 5 of the Dungeon)
 B - a wand of polymorph (17)
   (You found it on level 3 of the Lair of Beasts)
 E - a wand of paralysis (5)
   (You took it off Joseph on level 1 of the Lair of Beasts)
 F - a wand of flame (18)
   (You found it on level 4 of the Lair of Beasts)
 G - a wand of disintegration (9) {@e1}
   (You found it on level 9 of the Dungeon)
 J - a wand of random effects (32)
   (You found it on level 4 of the Lair of Beasts)
Scrolls
 h - 9 scrolls of teleportation
 i - 4 scrolls of amnesia
 j - 10 scrolls of identify
 l - 4 scrolls of immolation {!r}
 o - 5 scrolls of remove curse
 s - a scroll of enchant weapon
 y - 2 scrolls of fear
 L - a scroll of magic mapping {!r}
Potions
 c - 3 potions of might
 e - 4 potions of lignification {!q}
 f - 2 potions of agility {unknown}
 k - 3 potions of haste {unknown}
 n - 2 potions of brilliance {unknown}
 p - a potion of heal wounds
 q - 9 potions of curing
 t - 5 potions of flight
 v - 2 potions of cancellation {unknown}
 C - a potion of invisibility {unknown}
 D - a potion of ambrosia {unknown}
Miscellaneous
 K - a sack of spiders
Comestibles
 d - 19 rations {@e1}
 M - 11 chunks of flesh {@w0}


   Skills:
 + Level 8.2 Fighting
 + Level 7.6 Armour
 - Level 2.4 Dodging
 - Level 9.0 Shields
 - Level 13.7 Unarmed Combat
 + Level 4.4 Invocations


You had 11 spell levels left.
You didn't know any spells.
Your spell library contained the following spells:

 Spells                   Type           Power        Failure   Level  Hunger
 Magic Dart               Conj           #...         43%         1    ##.....
 Conjure Flame            Conj/Fire      #.......     80%         3    ####...
 Slow                     Hex            #.......     56%         2    ###....
 Mephitic Cloud           Conj/Pois/Air  #.......     80%         3    ####...
 Blink                    Tloc           N/A          56%         2    ###....
 Call Imp                 Summ           #.......     56%         2    ###....


Dungeon Overview and Level Annotations

Branches:
Dungeon (11/15)            Temple (0/1) D:6            Lair (5/6) D:10
 Shoals (0/4) Lair:4        Snake (0/4) Lair:3
  Slime: Lair:5-6       Orc: D:9-12

Altars:
Cheibriados
Dithmenos
Makhleb
Trog
Wu Jian
Xom
Yredelemnul
Zin
The Shining One

Annotations:
D:9 exclusion: jelly
Lair:1 exclusion: Nergalle, Nergalle


Innate Abilities, Weirdness & Mutations

You are too large for most types of armour.
You have claws for hands.
Your metabolism is lightning-fast.
You like to eat raw meat.
Your natural rate of healing is unusually fast.
You are covered in fur. (AC +1)
You have very tough skin. (AC +2)


Message History

You eat one of the 20 chunks of flesh {@w0}.
This raw flesh tastes great.
Some of the chunks of flesh in your inventory have rotted away.
You now have 902 gold pieces (gained 12).
You now have 913 gold pieces (gained 11).
Found a stone staircase leading up.
Some of the chunks of flesh in your inventory have rotted away.
A six-headed hydra comes into view.
The six-headed hydra roars!
A six-headed hydra is nearby!
A demon appears!
A black mamba comes into view.
You take 3 damage, and have 117/120 hp.
A demon appears!
You take 4 damage, and have 113/120 hp.
The six-headed hydra barely misses your smoke demon.
The six-headed hydra bites your smoke demon!
The six-headed hydra bites your smoke demon. x2
The six-headed hydra bites your smoke demon! x2
Your smoke demon dies!
You scratch the black mamba but do no damage.
The black mamba barely misses you.
A basilisk comes into view.
You closely miss the black mamba. You block the black mamba's attack.
You claw the black mamba! You block the black mamba's attack.
Your neqoxec barely misses the six-headed hydra.
A demon appears!
The black mamba bites your neqoxec!
Your neqoxec hits the six-headed hydra!
You block the six-headed hydra's attack.
The six-headed hydra bites you.
The six-headed hydra completely misses you.
The six-headed hydra bites you.
The six-headed hydra bites you but does no damage.
You block the six-headed hydra's attack.
You take 13 damage, and have 103/120 hp.
You rip one of the six-headed hydra's heads off!
The five-headed hydra grows two more!
You claw the seven-headed hydra!
The black mamba barely misses your neqoxec.
The black mamba bites your neqoxec but does no damage.
Your neqoxec gestures.
You rip one of the seven-headed hydra's heads off!
The six-headed hydra grows two more!
You claw the eight-headed hydra!
The eight-headed hydra bites you but does no damage.
You block the eight-headed hydra's attack.
The eight-headed hydra barely misses you.
You block the eight-headed hydra's attack.
The eight-headed hydra bites you but does no damage.
You block the eight-headed hydra's attack.
The eight-headed hydra bites you but does no damage. x2
The black mamba bites your neqoxec!
You tear one of the eight-headed hydra's heads off!
The seven-headed hydra grows two more!
You claw the nine-headed hydra! The black mamba bites your neqoxec!
Your neqoxec dies!
Your shadow imp disappears in a puff of smoke!
Your iron imp disappears in a puff of smoke!
Your white imp disappears in a puff of smoke!
The nine-headed hydra bites you but does no damage. x2
The nine-headed hydra barely misses you.
You block the nine-headed hydra's attack.
The nine-headed hydra bites you.
The nine-headed hydra bites you but does no damage.
The nine-headed hydra bites you!
The nine-headed hydra closely misses you.
The nine-headed hydra bites you but does no damage.
Your neqoxec hits the black mamba!
You take 11 damage, and have 93/120 hp.
You rip one of the nine-headed hydra's heads off!
The eight-headed hydra grows two more!
You mangle the ten-headed hydra!! The basilisk bites your neqoxec!
The black mamba bites you! The ten-headed hydra bites you.
The ten-headed hydra barely misses you. The ten-headed hydra bites you!
The ten-headed hydra bites you. x3
The ten-headed hydra bites you!
You block the ten-headed hydra's attack. x2
The ten-headed hydra bites you!
You take 55 damage, and have 38/120 hp.
MASSIVE DAMAGE!!
You tear one of the ten-headed hydra's heads off!
The nine-headed hydra grows two more!
You claw the 11-headed hydra! Your neqoxec hits the black mamba.
The black mamba bites you but does no damage.
The basilisk barely misses your neqoxec.
You claw one of the 11-headed hydra's heads off!
The ten-headed hydra grows two more!
You scratch the 12-headed hydra. You block the black mamba's attack.
You block the 12-headed hydra's attack. The 12-headed hydra closely misses you.
The 12-headed hydra bites you. The 12-headed hydra barely misses you.
The 12-headed hydra closely misses you.
The 12-headed hydra bites you but does no damage.
You block the 12-headed hydra's attack. The 12-headed hydra bites you.
* * * LOW HITPOINT WARNING * * *
The 12-headed hydra bites you!
* * * LOW HITPOINT WARNING * * *
The 12-headed hydra bites you but does no damage.
The 12-headed hydra misses you. You block the 12-headed hydra's attack.
Your neqoxec misses the black mamba. The black mamba bites you.
* * * LOW HITPOINT WARNING * * *
You scratch the 12-headed hydra. The black mamba bites you!
* * * LOW HITPOINT WARNING * * *
The 12-headed hydra bites you!
You die...

#.......................#
##......................P
#.................≈≈≈≈≈..
#.................≈≈≈≈≈..
#
###.P..###........≈≈≈≈≈.#
##
###...#.#.....##.≈≈≈≈≈..
P#
###............###.≈≈≈≈≈<.
.###........#.#...#
#.≈≈≈≈≈..
.....PP......#..@.#
#.≈≈≈≈≈..
..............3SD.#
#.≈≈≈≈≈..
...........#...l..#
#.≈≈≈≈≈..
.####..............
..≈≈≈≈≈.. ##
#.#..P####P......#.≈≈≈≈≈..
# ###..## #.......# ##
#.... .##.....# .### #.#..
## #....## #.P#.#.


You could see a 12-headed hydra, a black mamba, a basilisk and a friendly
neqoxec.

Vanquished Creatures
  Gastronok (Lair:3)
  Josephine (D:10)
  A hydra (Lair:2)
  2 two-headed ogres
  A cyclops (D:11)
  An ugly thing (D:10)
  A merfolk siren (Lair:4)
  A centaur zombie (D:10)
  Joseph (Lair:1)
  An elephant (D:10)
  A black mamba (Lair:3)
  Psyche (D:8)
  6 spiny frogs
  5 komodo dragons
  A troll (D:9)
  Prince Ribbit (Lair:1)
  2 merfolk (Lair:4)
  6 blink frogs
  7 dream sheep (Lair:5)
  3 hippogriffs
  5 wraiths
  31 yaks
  7 basilisks
  A wyvern (Lair:5)
  2 nagas (Lair:3)
  7 water moccasins
  Duvessa (D:3)
  An orc warrior (D:6)
  2 porcupines
  A hornet zombie (D:9)
  6 ice beasts
  An eye of draining (D:9)
  2 ogres (D:4)
  5 crocodiles
  2 centaurs
  17 bullfrogs
  Dowan (D:3)
  A scorpion (D:9)
  A water moccasin skeleton (D:5)
  4 killer bees (D:9)
  12 wights
  3 electric eels
  4 howler monkeys
  5 crimson imps (D:5)
  A jelly (D:8)
  3 hounds
  7 orc wizards
  4 bullfrog skeletons
  6 orc priests
  3 centaur skeletons
  3 human zombies (Ossuary)
  Ijyb (D:3)
  6 worker ants
  Natasha (thrice) (D:4)
  4 iguanas
  2 big kobold zombies (Ossuary)
  3 hound skeletons
  4 mummies (Ossuary)
  2 worker ant zombies
  15 adders
  2 shadow imps
  5 oozes
  An adder skeleton (D:2)
  4 adder zombies
  5 worms
  2 dart slugs
  5 leopard geckos
  17 orcs
  4 ball pythons
  9 bats
  5 giant cockroaches
  A gnoll zombie (Ossuary)
  11 goblins
  5 hobgoblins
  3 jackals (D:9)
  7 kobolds
  4 quokkas
  7 frilled lizards
  2 leopard gecko skeletons (D:4)
  2 orc zombies (Ossuary)
  A quokka skeleton (D:6)
  11 rats
  A plant (Lair:2)
347 creatures vanquished.

Vanquished Creatures (others)
  A fungus (D:10)
1 creature vanquished.

Grand Total: 348 creatures vanquished

Notes
Turn   | Place    | Note
-------+----------+-------------------------------------------
     0 | D:1      | Firecrotchwizard the Troll Fighter began the quest for the Orb.
     0 | D:1      | Reached XP level 1. HP: 22/22 MP: 0/0
    77 | D:1      | Reached XP level 2. HP: 26/29 MP: 1/1
   358 | D:1      | Reached skill level 3 in Unarmed Combat
   493 | D:1      | Reached XP level 3. HP: 36/36 MP: 2/2
   704 | D:2      | Reached skill level 3 in Shields
   796 | D:2      | Reached skill level 4 in Unarmed Combat
   796 | D:2      | Reached XP level 4. HP: 38/44 MP: 3/3
  1307 | D:3      | Reached XP level 5. HP: 49/50 MP: 4/4
  1639 | D:3      | Reached skill level 5 in Unarmed Combat
  1639 | D:3      | Noticed Ijyb
  1710 | D:3      | Killed Ijyb
  1710 | D:3      | Reached XP level 6. HP: 49/59 MP: 5/5
  1856 | D:3      | Found an ornate altar of the Wu Jian Council.
  2004 | D:4      | Noticed Duvessa
  2004 | D:4      | Noticed Dowan
  2010 | D:3      | Killed Duvessa
  2010 | D:3      | Reached skill level 4 in Shields
  2012 | D:3      | HP: 10/59 [Dowan/shard of ice (23)]
  2014 | D:3      | Killed Dowan
  2014 | D:3      | Reached skill level 6 in Unarmed Combat
  2017 | D:3      | HP: 10/59 [poisoned by Dowan]
  2023 | D:3      | HP: 12/59 [poisoned by Dowan]
  2031 | D:3      | HP: 14/59 [poisoned by Dowan]
  2140 | D:4      | Noticed Natasha
  2142 | D:4      | Killed Natasha
  2145 | D:4      | Found a sand-covered staircase.
  2149 | Ossuary  | Entered an ossuary
  2202 | Ossuary  | Reached XP level 7. HP: 63/66 MP: 6/6
  2260 | Ossuary  | HP: 16/66 [mummy (16)]
  2535 | D:4      | Noticed Natasha
  2541 | D:4      | Killed Natasha
  2565 | D:4      | Reached skill level 7 in Unarmed Combat
  2685 | D:4      | Found a shadowy altar of Dithmenos.
  2924 | D:4      | Noticed Natasha
  2931 | D:4      | Killed Natasha
  3092 | D:4      | You fall through a shaft!
  3092 | D:5      | Entered Level 5 of the Dungeon
  3220 | D:4      | Reached skill level 5 in Shields
  3423 | D:5      | Reached XP level 8. HP: 70/74 MP: 7/7
  3468 | D:5      | Reached skill level 8 in Unarmed Combat
  3594 | D:5      | Found a snail-covered altar of Cheibriados.
  3923 | D:5      | Found a shimmering altar of Xom.
  4246 | D:6      | Found a staircase to the Ecumenical Temple.
  4329 | D:6      | Found a basalt altar of Yredelemnul.
  4341 | D:6      | Reached skill level 9 in Unarmed Combat
  4808 | D:7      | Reached skill level 6 in Shields
  4940 | D:7      | HP: 18/74 [howler monkey (2)]
  4947 | D:7      | HP: 13/74 [bullfrog skeleton (6)]
  4953 | D:7      | HP: 11/74 [adder zombie (3)]
  5099 | D:7      | Found a glowing golden altar of the Shining One.
  5293 | D:7      | Reached XP level 9. HP: 80/80 MP: 8/8
  5304 | D:7      | Found a shadowy altar of Dithmenos.
  5339 | D:7      | Reached skill level 10 in Unarmed Combat
  5462 | D:7      | Found a burning altar of Makhleb.
  5577 | D:7      | Became a worshipper of Makhleb the Destroyer
  6033 | D:8      | Noticed Psyche
  6040 | D:8      | Killed Psyche
  6456 | D:8      | Reached skill level 11 in Unarmed Combat
  6550 | D:8      | Reached skill level 7 in Shields
  6681 | D:9      | Reached XP level 10. HP: 82/88 MP: 9/9
  6705 | D:9      | Reached skill level 12 in Unarmed Combat
  6713 | D:9      | Reached * piety under Makhleb
  7185 | D:9      | Reached skill level 8 in Shields
  7372 | D:9      | Found a glowing silver altar of Zin.
  7373 | D:9      | Found a bloodstained altar of Trog.
  7373 | D:9      | Noticed a two-headed ogre
  7377 | D:9      | Killed a two-headed ogre
  7557 | D:10     | Entered Level 10 of the Dungeon
  7577 | D:10     | Found a staircase to the Lair.
  7577 | D:10     | Noticed an elephant
  7594 | D:10     | Reached skill level 13 in Unarmed Combat
  7599 | D:10     | Killed an elephant
  7603 | D:10     | Reached ** piety under Makhleb
  7727 | D:10     | Reached XP level 11. HP: 45/94 MP: 10/10
  8079 | D:10     | Noticed a white ugly thing
  8088 | D:10     | Killed a white ugly thing
  8257 | D:10     | Noticed a two-headed ogre
  8268 | D:10     | Killed a two-headed ogre
  8268 | D:10     | Reached skill level 1 in Armour
  8268 | D:10     | Reached skill level 9 in Shields
  8326 | D:10     | Noticed Josephine
  8356 | D:10     | Killed Josephine
  8356 | D:10     | Reached skill level 3 in Fighting
  8356 | D:10     | Reached skill level 2 in Armour
  8593 | D:10     | Reached skill level 4 in Fighting
  8593 | D:10     | Reached skill level 3 in Armour
  8805 | D:11     | Reached *** piety under Makhleb
  8861 | Lair:1   | Entered Level 1 of the Lair of Beasts
  9099 | Lair:1   | Noticed Joseph
  9110 | Lair:1   | Killed Joseph
  9169 | Lair:1   | Reached skill level 4 in Armour
  9242 | Lair:1   | Noticed Nergalle
  9318 | Lair:1   | Noticed Prince Ribbit
  9352 | Lair:1   | Reached skill level 5 in Fighting
  9355 | Lair:1   | Killed Prince Ribbit
  9728 | Lair:2   | Noticed a five-headed hydra
  9738 | Lair:2   | Killed a six-headed hydra
  9738 | Lair:2   | Reached skill level 5 in Armour
 10149 | Lair:2   | Reached skill level 6 in Fighting
 10155 | Lair:2   | Reached XP level 12. HP: 98/114 MP: 11/11
 10176 | Lair:2   | HP: 25/114 [hippogriff (7)]
 10731 | Lair:3   | Reached skill level 6 in Armour
 11066 | Lair:3   | Noticed Gastronok
 11092 | Lair:3   | HP: 20/115 [Gastronok (34)]
 11093 | Lair:3   | Killed Gastronok
 11093 | Lair:3   | Reached skill level 7 in Fighting
 11093 | Lair:3   | Reached skill level 1 in Invocations
 11363 | Lair:3   | Reached **** piety under Makhleb
 11363 | Lair:3   | Reached skill level 2 in Invocations
 11607 | Lair:3   | Found a staircase to the Snake Pit.
 12079 | Lair:4   | Reached skill level 7 in Armour
 12099 | Lair:4   | Reached skill level 3 in Invocations
 12160 | Lair:4   | Found a staircase to the Shoals.
 12809 | Lair:5   | Reached skill level 8 in Fighting
 12811 | Lair:5   | Reached skill level 4 in Invocations
 13133 | Lair:5   | Noticed a six-headed hydra
 13146 | Lair:5   | HP: 27/120 [12-headed hydra (8)]
 13147 | Lair:5   | HP: 11/120 [black mamba (16)]
 13147 | Lair:5   | Slain by a 12-headed hydra

Vault maps used:
D:1:      sevenhm_arrival_forest_fort_large_1, minmay_splitting_lines
D:3:      marbit_many_paths, uniq_ijyb
D:4:      first_ration, enter_ossuary_5, grunt_dithmenos_smoke, uniq_duvessa,
          uniq_natasha
D:5:      kennysheep_mini_moat, led_xom_imps
D:6:      lemuel_doored_altar, minmay_temple_entry_butterflies
D:7:      tso_metal_star, lemuel_crystal_altar, basic_altar
D:8:      uniq_psyche
D:9:      gammafunk_temple_overflow_pools, enter_bailey_3
D:10:     david_lair_generic, uniq_josephine
D:11:     zombieorc1_lemuel, basic_altar, david_nohive_1
Lair:1:   infiniplex_staircase_pool, grunt_megastairs_4, uniq_joseph,
          uniq_prince_ribbit2, uniq_nergalle
Lair:2:   wad_woods_pond, serial_bayou_shore_a
Lair:3:   guppyfry_snake_entry_garden, beast_lair_carwin_5, uniq_gastronok
Lair:4:   elwin_shoals_entry_stream, kennysheep_basilisk_garden
Lair:5:   slime_altar_1, st_stairs_6, worms_lemuel, lemuel_fruit_tree,
          minmay_lair_oklob_chamber
Ossuary:  ossuary_crypta

Skill      XL: |  1  2  3  4  5  6  7  8  9 10 11 12 |
---------------+-------------------------------------+-----
Unarmed Combat | 3 4 5 6 7 9 11 13 | 13.7
Shields        | 3 4 5 6 7 8 9 |  9.0
Armour         | 5 7 |  7.6
Fighting       | 6 8 |  8.2
Invocations    | 4 |  4.4
Dodging        | |  2.4

Action                   |  1- 3 |  4- 6 |  7- 9 | 10-12 || total
-------------------------+-------+-------+-------+-------++-------
Melee: Unarmed           |    72 |   180 |   343 |   662 ||  1257
Throw: Large rock        |       |       |       |     6 ||     6
Invok: Minor Destruction |       |       |       |     2 ||     2
       Lesser Servant of |       |       |       |     3 ||     3
Evoke: Wand              |       |       |       |    14 ||    14
  Use: Scroll            |       |     6 |     3 |    14 ||    23
       Potion            |       |       |       |     1 ||     1
 Stab: Sleeping          |     2 |       |     1 |     2 ||     5
       Confused          |       |       |       |     4 ||     4
  Eat: Chunk             |    13 |    13 |    41 |    59 ||   126
Armor: Robe              |    15 |    36 |    48 |    96 ||   195
Dodge: Dodged            |    19 |    61 |    68 |   139 ||   287
Block: Shield            |    29 |    76 |   136 |   294 ||   535

Table legend:
 A = Spawn XP
 B = Non-spawn XP
 C = Spawn XP percentage of total XP
 D = Spawn monster count
 E = Non-spawn monster count
 F = Spawn count percentage of total count
 G = Total turns spent on level
                    A         B        C        D         E        F      G
               +---------+---------+-------+---------+---------+-------+---------
         Total |       0 |   37674 |   0.0 |       0 |     346 |   0.0 | 13147
               +---------+---------+-------+---------+---------+-------+---------
           D:1 |       0 |      47 |   0.0 |       0 |      21 |   0.0 |   653
           D:2 |       0 |     112 |   0.0 |       0 |      22 |   0.0 |   501
           D:3 |       0 |     482 |   0.0 |       0 |      41 |   0.0 |   959
           D:4 |       0 |     494 |   0.0 |       0 |      19 |   0.0 |   827
           D:5 |       0 |     579 |   0.0 |       0 |      23 |   0.0 |   857
           D:6 |       0 |     437 |   0.0 |       0 |       9 |   0.0 |   653
           D:7 |       0 |     773 |   0.0 |       0 |      18 |   0.0 |  1019
           D:8 |       0 |    1547 |   0.0 |       0 |      15 |   0.0 |   750
           D:9 |       0 |    4172 |   0.0 |       0 |      39 |   0.0 |  1001
          D:10 |       0 |    7104 |   0.0 |       0 |      40 |   0.0 |  1256
          D:11 |       0 |     572 |   0.0 |       0 |       1 |   0.0 |    48
        Lair:1 |       0 |    2675 |   0.0 |       0 |      12 |   0.0 |   830
        Lair:2 |       0 |    4386 |   0.0 |       0 |      18 |   0.0 |   983
        Lair:3 |       0 |    5980 |   0.0 |       0 |      20 |   0.0 |  1219
        Lair:4 |       0 |    3731 |   0.0 |       0 |      15 |   0.0 |   807
        Lair:5 |       0 |    4334 |   0.0 |       0 |      21 |   0.0 |   447
       Ossuary |       0 |     249 |   0.0 |       0 |      12 |   0.0 |   337
               +---------+---------+-------+---------+---------+-------+---------

Vault maps used:
D:1:      sevenhm_arrival_forest_fort_large_1, minmay_splitting_lines
D:3:      marbit_many_paths, uniq_ijyb
D:4:      first_ration, enter_ossuary_5, grunt_dithmenos_smoke, uniq_duvessa,
          uniq_natasha
D:5:      kennysheep_mini_moat, led_xom_imps
D:6:      lemuel_doored_altar, minmay_temple_entry_butterflies
D:7:      tso_metal_star, lemuel_crystal_altar, basic_altar
D:8:      uniq_psyche
D:9:      gammafunk_temple_overflow_pools, enter_bailey_3
D:10:     david_lair_generic, uniq_josephine
D:11:     zombieorc1_lemuel, basic_altar, david_nohive_1
Lair:1:   infiniplex_staircase_pool, grunt_megastairs_4, uniq_joseph,
          uniq_prince_ribbit2, uniq_nergalle
Lair:2:   wad_woods_pond, serial_bayou_shore_a
Lair:3:   guppyfry_snake_entry_garden, beast_lair_carwin_5, uniq_gastronok
Lair:4:   elwin_shoals_entry_stream, kennysheep_basilisk_garden
Lair:5:   slime_altar_1, st_stairs_6, worms_lemuel, lemuel_fruit_tree,
          minmay_lair_oklob_chamber
Ossuary:  ossuary_crypta

Table legend:
 A = Turns spent in this place as a percentage of turns spent in the entire game.
 B = Non-inter-level travel turns spent in this place as a percentage of non-inter-level travel turns spent in the entire game.
 C = Inter-level travel turns spent in this place as a percentage of turns spent in this place.
 D = Turns resting spent in this place as a percentage of non-inter-level travel turns spent in this place.
 E = Turns spent auto-exploring this place as a percentage of non-inter-level travel turns spent in this place.
 F = Non-inter-level travel turns spent in this place divided by the number of levels of this place that you've seen.
                   A       B       C       D       E      F
               +-------+-------+-------+-------+-------+----------------------
         Total | 100.0 | 100.0 |   4.0 |  11.4 |  65.7 | 742.1
       Dungeon |  64.8 |  64.9 |   4.0 |   9.5 |  68.9 | 744.2
          Lair |  32.6 |  32.4 |   4.5 |  13.7 |  61.8 | 818.4
       Ossuary |   2.6 |   2.7 |   0.0 |  30.0 |  33.5 | 337.0
               +-------+-------+-------+-------+-------+----------------------

Table legend:
 A = Kills in this place as a percentage of kills in entire the game.
 B = Kills by you in this place as a percentage of kills by you in the entire game.
 C = Kills by friends in this place as a percentage of kills by friends in the entire game.
 D = Other kills in this place as a percentage of other kills in the entire game.
 E = Experience gained in this place as a percentage of experience gained in the entire game.
 F = Experience gained in this place divided by the number of levels of this place that you have seen.
                   A       B       C       D       E      F
               +-------+-------+-------+-------+-------+----------------------
         Total | 100.0 | 100.0 |   N/A |   N/A | 100.0 | 2216.1
       Dungeon |  71.7 |  71.7 |   N/A |   N/A |  43.3 | 1483.5
          Lair |  24.9 |  24.9 |   N/A |   N/A |  56.0 | 4221.2
       Ossuary |   3.5 |   3.5 |   N/A |   N/A |   0.7 | 249.0
               +-------+-------+-------+-------+-------+----------------------
